 Dungeon Crawl Stone Soup version 0.17-a0-18-gc25b939 (webtiles) character file.

60 Chiseanne the Ducker (level 4, -1/45 HPs)
             Began as an Octopode Gladiator on Mar 10, 2015.
             Slain by a hobgoblin
             ... wielding a +0 club
             ... led by Robin
              (5 damage)
             ... on level 2 of the Dungeon.
             The game lasted 00:03:19 (1548 turns).

Chiseanne the Ducker (Octopode Gladiator)           Turns: 1548, Time: 00:03:20

Health: -1/45      AC: 22    Str: 14    XL:     4   Next: 6%
Magic:  4/4        EV:  2    Int: 11    God:
Gold:   55         SH:  0    Dex: 12    Spells: 0 memorised, 3 levels left

rFire  . . .     SeeInvis .     a - +0 trident
rCold  . . .     Clarity  .     (no shield)
rNeg   + + +     SustAb   .     c - melded +0 hat
rPois  +         Gourm    .     (no amulet)
rElec  .         Spirit   .     (no ring)
rCorr  .         Warding  .     (no ring)
rMut   .         NoTele   +     (no ring)
MR     .....                    (no ring)
Stlth  +++.......               (no ring)
                                (no ring)
                                (no ring)
                                (no ring)

@: tree-form, not resistant to hostile enchantments, fairly stealthy
A: almost no armour, amphibious, 8 rings, (constrict 8), (slimy green scales 0),
(camouflage 0), blurry vision 1, (electricity resistance), (gelatinous body 0)
a: no special abilities


You were on level 2 of the Dungeon.
You were not hungry.
You were a tree.
You visited 1 branch of the dungeon, and saw 2 of its levels.

You collected 55 gold pieces.

Inventory:

Hand weapons
 a - a +0 trident (weapon)
Missiles
 b - 49 sling bullets
 d - 3 throwing nets (quivered)
 e - 8 javelins
 g - 10 poisoned needles
 j - 32 bolts
 m - 22 arrows
Armour
 c - a +0 hat (melded)
Scrolls
 i - a scroll of teleportation {unknown}
 o - a scroll of noise {unknown}
Potions
 k - a potion of mutation
 l - a potion of poison {unknown}
Comestibles
 f - a bread ration
 n - 5 fruits


   Skills:
 * Level 2.4 Fighting
 - Level 3.0 Polearms
 - Level 2.0 Throwing
 * Level 3.7 Dodging
 * Level 3.3 Stealth


You had 3 spell levels left.
You didn't know any spells.

Dungeon Overview and Level Annotations

Branches:
Dungeon (2/15)

Altars:

Annotations:
D:2 Robin


Innate Abilities, Weirdness & Mutations

You cannot wear most types of armour.
You are amphibious.
You can wear up to eight rings at the same time.
((You can use your tentacles to constrict many enemies at once.))
((Your skin changes colour to match your surroundings (Stealth).))
((Your rubbery body absorbs attacks (AC +1).))
((You are partially covered in slimy green scales (AC +2).))
Scrolls take you a little longer to read.
((You are resistant to electric shocks.))


Message History

The goblin shouts! x2
You barely miss Robin. You grab Robin. You constrict Robin.
Robin hits you with a dagger.
You hit Robin. You squeeze Robin, but do no damage.
Robin is lightly wounded.
You constrict Robin. The hobgoblin closely misses you.
Robin laughs in a distinctly smug fashion.
Robin zaps a wand.
The magic dart hits you!
* * * LOW HITPOINT WARNING * * *
Drink which item? (? for menu, Esc to quit)
It was a potion of mutation.
You feel extremely strange.
Slimy green scales grow over part of your body.
You feel insulated.
Your vision blurs.
You constrict Robin. The hobgoblin barely misses you.
Robin throws the goblin at you! The goblin barely misses you.
Drink which item? (? for menu, Esc to quit)
It was a potion of lignification.
You turn into a tree.
Your +0 hat melds into your body.
Your roots penetrate the ground.
You lose your grip on Robin.
The hobgoblin hits you with a club.
You die...

....##.........# .#
.#####.........# .#
.# #.........##.#
######...)......#.#
(.....÷.........#.#
............)...#.#
......#########.#.#
......# #..g#
......# ##♣.#
......# #gg#
......# #..#
......# ##g#
####### g# g. #.#
.. ..g


You could see Robin, 2 hobgoblins and 3 goblins.

Vanquished Creatures
  An adder (D:2)
  A giant mite (D:1)
  3 giant cockroaches (D:1)
  6 hobgoblins
  3 jackals (D:1)
  4 kobolds
  A quokka (D:2)
  7 bats
  4 giant newts (D:1)
  6 goblins
  8 rats
44 creatures vanquished.

Notes
Turn   | Place    | Note
--------------------------------------------------------------
     0 | D:1      | Chiseanne, the Octopode Gladiator, began the quest for the Orb.
     0 | D:1      | Reached XP level 1. HP: 14/14 MP: 1/1
   322 | D:1      | Reached skill level 1 in Stealth
   351 | D:1      | Reached XP level 2. HP: 16/19 MP: 2/2
   741 | D:1      | Reached XP level 3. HP: 21/25 MP: 3/3
  1477 | D:2      | Noticed Robin
  1488 | D:2      | Reached XP level 4. HP: 30/30 MP: 4/4
  1547 | D:2      | Gained mutation: You are partially covered in slimy green scales (AC +2). [potion of mutation]
  1547 | D:2      | Gained mutation: You are resistant to electric shocks. [potion of mutation]
  1547 | D:2      | Gained mutation: Scrolls take you a little longer to read. [potion of mutation]
  1548 | D:2      | Slain by a hobgoblin

Action                   |  1- 3 |  4- 6 || total
-------------------------+-------+-------++-------
Melee: Trident           |    71 |     7 ||    78
  Use: Potion            |       |     2 ||     2
 Stab: Sleeping          |     6 |       ||     6
  Eat: Chunk             |     2 |       ||     2
